Match 42510955
Unlisted

Match 42510955
End
Construct Weapon Support Center
M1919 Machine Gun Team
Selects Heavy Weapons
M1919 Machine Gun Team
Bazooka Squad
Construct Medical Station
Construct Medical Station
M1919 Machine Gun Team
Selects M2HB .50cal Heavy Machine Gun
Scout Squad
Mechanized Support Center
M3 Armored Personnel Carrier
M3 Armored Personnel Carrier
Selects Assault Carriers
Selects Assault Carriers
Bazooka Squad
Selects Exchangeable Parts
Engineer Squad
Designate Forward Repair Station
Parasonic
Friendofeveryone
Artyom
Maximus♥
MaRFy
SpadgeAki
Grand.G
88GuDeRiaN88
0
0

Comments sign in to comment!

No comments posted yet!